AoeStats
← BigOleGiraffe

Coastal Forest

510473393Analyzed
4v4 RM · 2d ago on Oct 1, 2026· 46m 9s· 8 players
Game mode
Random Map
Map size
Large (8 player)
Population
200
Speed
Normal
Resources
Standard
Victory
Conquest
Starting age
Dark Age
Ending age
Imperial Age
RankedLock teamsTeams togetherTeam positionsShared explorationLock speedFull tech treeHidden civsTurbo modeCheats
Victory
Defeat
🇲🇽 Persians · Mexico
1156
+14
🇨🇳 Franks · China
1134
+15
1095
+16
🇯🇵 Varangians · Japan
1089
+17
🇵🇪 Saxons · Peru
1175
-19
🇨🇦 Khmer · Canada
1100
-15
🇨🇦 Danes · Canada
1090
-15
🇵🇪 Khitans · Peru
1048
-13
garoumarcos
3:49 Loom
11:51 Feudal Age
15:41 Castle Age
13:46 Double-Bit Axe
14:33 Horse Collar
16:58 Bow Saw
17:55 Wheelbarrow
17:39 Heavy Plow
20:07 Gold Mining
21:06 Scale Barding Armor
21:12 Forging
21:51 Husbandry
22:29 Bloodlines
23:46 Chain Barding Armor
32:30 Stone Mining
35:54 Hand Cart
41:43 Imperial Age
41:40 Cavalier
43:27 Two-Man Saw
43:10 Crop Rotation
44:22 Conscription
45:18 Savar
Tamejirou
6:00 Loom
9:14 Feudal Age
11:50 Double-Bit Axe
17:19 Wheelbarrow
19:23 Fletching
19:33 Padded Archer Armor
22:40 Castle Age
22:23 Scale Mail Armor
23:52 Horse Collar
24:39 Bow Saw
24:43 Crossbowman
25:31 Bodkin Arrow
26:42 Elite Skirmisher
29:32 Hand Cart
30:19 Leather Archer Armor
30:14 Forging
30:35 Heavy Plow
31:21 Husbandry
31:32 Bloodlines
31:50 Gold Mining
31:52 Stone Mining
32:22 Bloodlines
36:05 Town Watch
37:43 Ballistics
37:35 Masonry
40:23 Imperial Age
40:37 Cranequins
40:46 Heavy Mounted Crossbowman
41:58 Bracer
42:28 Ring Archer Armor
43:29 Chemistry
44:20 Conscription
45:05 Ring Archer Armor
Танцующий Xyй
0:28 Loom
11:39 Feudal Age
12:52 Double-Bit Axe
20:45 Castle Age
18:52 Stone Mining
20:29 Fishing Lines
22:07 Gold Mining
23:21 Stone Shaft Mining
26:48 Imperial Age
29:45 Elite Organ Gun
30:50 Town Watch
31:48 Town Patrol
31:39 Onager
37:43 Conscription
38:01 Bow Saw
37:22 Cavalier
38:02 Husbandry
38:14 Bloodlines
41:29 Chemistry
46:20 Arquebus
46:45 Ballistics
1627714649
11:37 Feudal Age
16:26 Castle Age
15:52 Gold Mining
19:37 Scale Barding Armor
22:09 Forging
23:53 Gold Shaft Mining
26:47 Chain Barding Armor
28:16 Iron Casting
27:45 Loom
28:36 Wheelbarrow
33:01 Double-Bit Axe
33:22 Stone Mining
35:17 Hand Cart
37:33 Imperial Age
37:43 Bow Saw
37:38 Husbandry
37:48 Cavalier
39:40 Plate Barding Armor
40:07 Blast Furnace
39:05 Paladin
42:15 Scale Mail Armor
42:06 Fletching
BigOleGiraffe
11:53 Feudal Age
13:27 Loom
15:07 Double-Bit Axe
17:22 Town Watch
17:45 Fletching
19:34 Padded Archer Armor
22:59 Scale Mail Armor
23:09 Forging
23:02 Horse Collar
25:39 Wheelbarrow
29:00 Castle Age
30:13 Bow Saw
29:26 Pikeman
30:23 Chain Mail Armor
30:43 Iron Casting
29:31 Elite Skirmisher
30:50 Bodkin Arrow
35:13 Ballistics
35:05 Masonry
39:28 Imperial Age
39:19 Bloodlines
39:10 Husbandry
38:30 Light Cavalry
41:41 Hand Cart
vince.dion123
11:23 Feudal Age
16:24 Castle Age
14:25 Double-Bit Axe
14:26 Horse Collar
18:49 Loom
21:12 Stone Mining
22:46 Fervor
22:21 Fishing Lines
27:10 Fletching
27:20 Scale Mail Armor
28:13 Bodkin Arrow
30:42 Town Watch
32:34 Bow Saw
33:26 Chain Mail Armor
33:41 Forging
40:30 Imperial Age
38:22 Squires
38:07 Arson
38:52 Gold Mining
39:43 Iron Casting
38:33 Hamask
40:34 Onager
40:38 Northmen's Fury
41:39 Conscription
41:53 Plate Mail Armor
42:31 Wheelbarrow
41:57 Town Patrol
42:36 Gold Shaft Mining
42:44 Siege Engineers
44:24 Chemistry
43:58 Siege Onager
BigMalasada
12:37 Feudal Age
13:43 Loom
16:34 Castle Age
14:21 Horse Collar
14:28 Double-Bit Axe
16:02 Fletching
16:12 Padded Archer Armor
19:28 Bodkin Arrow
19:33 Padded Archer Armor
21:16 Leather Archer Armor
22:03 Wheelbarrow
22:36 Forging
22:26 Scale Mail Armor
23:33 Ballistics
23:21 Husbandry
23:31 Bloodlines
32:23 Bow Saw
34:54 Imperial Age
32:10 Town Watch
32:35 Heavy Plow
35:04 Hand Cart
35:09 Cranequins
37:34 Chemistry
37:31 Heavy Mounted Crossbowman
39:21 Iron Casting
39:01 Chain Mail Armor
39:36 Bracer
39:01 Pikeman
39:41 Squires
41:02 Ring Archer Armor
41:25 Halberdier
PenguQlon
6:21 Loom
9:03 Feudal Age
9:56 Double-Bit Axe
16:31 Domestication
19:43 Forging
21:59 Scale Barding Armor
23:57 Castle Age
22:07 Gold Mining
25:16 Iron Casting
25:16 Husbandry
31:57 Light Cavalry
33:18 Chain Barding Armor
33:32 Pastoralism
39:17 Bow Saw
Connection lost

Rejoining the realm…

Still unreachable

The connection could not be restored.

Session expired

The server has moved on; the page needs a fresh start.